 Dungeon Crawl Stone Soup version 0.18.1-50-g88ac8fd (webtiles) character file.

65 Amnesiac the Cutter (level 3, 0/22 HPs)
             Began as a Deep Elf Fighter on Mar 2, 2018.
             Succumbed to an adder's poison
             ... on level 3 of the Dungeon.
             The game lasted 00:01:43 (550 turns).

Amnesiac the Cutter (Deep Elf Fighter)               Turns: 550, Time: 00:01:44

Health: 0/22       AC:  7    Str: 14    XL:     3   Next: 94%
Magic:  5/5        EV:  6    Int: 12    God:
Gold:   90         SH:  8    Dex: 14    Spells: 0 memorised, 2 levels left

rFire  . . .     SeeInvis .     a - +0 rapier
rCold  . . .     Gourm    .     e - +0 scale mail
rNeg   . . .     Faith    .     c - +0 shield
rPois  .         Spirit   .     (no helmet)
rElec  .         Dismiss  .     j - +0 cloak
rCorr  .         Reflect  .     (no gloves)
SustAt .         Harm     .     (no boots)
MR     .....                    (no amulet)
Stlth  ..........               (no ring)
                                (no ring)

@: lethally poisoned (0 -> -9), not resistant to hostile enchantments, extremely
unstealthy
A: no striking features
a: no special abilities


You were on level 3 of the Dungeon.
You were not hungry.

You visited 1 branch of the dungeon, and saw 3 of its levels.

You collected 90 gold pieces.

Inventory:

Hand Weapons
 a - a +0 rapier (weapon)
 b - a +0 hunting sling
Missiles
 h - 23 stones (quivered)
Armour
 c - a +0 shield (worn)
 e - a +0 scale mail (worn)
 j - a +0 cloak (worn)
Scrolls
 d - a scroll of remove curse {!r, unknown}
 i - a scroll of immolation {!r, unknown}
 k - a scroll of fear {!r, unknown}
Potions
 n - a potion of agility {!q, unknown}
 o - a potion of beneficial mutation {!q, unknown}
Comestibles
 f - a bread ration
 g - a meat ration
 m - 3 chunks of flesh


   Skills:
 - Level 2.4 Fighting
 + Level 4.2 Short Blades
 - Level 2.4 Armour
 - Level 2.4 Shields


You had 2 spell levels left.
You didn't know any spells.

Dungeon Overview and Level Annotations

Branches:
Dungeon (3/15)

Altars:
Fedhas
Kikubaaqudgha
Qazlal


Message History

The orc is heavily wounded.
The orc hits you with a whip.
You barely miss the orc.
The orc is heavily wounded.
The orc hits you but does no damage.
You closely miss the orc.
The orc is heavily wounded.
The orc completely misses you.
You hit the orc.
The orc is almost dead.
You block the orc's attack.
You hit the orc but do no damage.
The orc is almost dead.
The orc barely misses you.
You hit the orc.
You kill the orc!
The adder bites you but does no damage.
You miss the adder. You block the adder's attack.
You miss the adder. You block the adder's attack.
You hit the adder but do no damage. The adder bites you.
The adder bites you but does no damage.
You hit the adder but do no damage. You block the adder's attack.
You hit the adder.
The adder is lightly wounded.
The adder bites you but does no damage.
You barely miss the adder.
The adder is lightly wounded.
You block the adder's attack. The adder barely misses you.
You closely miss the adder.
The adder is lightly wounded.
The adder bites you but does no damage.
You hit the adder but do no damage.
The adder is lightly wounded.
The adder bites you.
You are poisoned.
The adder poisons you! The adder closely misses you.
You hit the adder.
The adder is moderately wounded.
You feel sick. The adder bites you.
* * * LOW HITPOINT WARNING * * *
Your shield prevents you from hitting the adder.
The adder is moderately wounded.
The adder bites you but does no damage. The adder bites you.
* * * LOW HITPOINT WARNING * * *
You hit the adder but do no damage.
The adder is moderately wounded.
* * * LOW HITPOINT WARNING * * *
You feel sick. The adder bites you.
* * * LOW HITPOINT WARNING * * *
You are too injured to fight recklessly!
You closely miss the adder.
The adder is moderately wounded.
The adder bites you but does no damage.
You are too injured to fight recklessly!
You hit the adder.
The adder is moderately wounded.
The adder barely misses you. The adder bites you.
* * * LOW HITPOINT WARNING * * *
You are more poisoned.
The adder poisons you!
You are too injured to fight recklessly!
You miss the adder.
The adder is moderately wounded.
You die...

⌠.......# #.......#
≈..###### #.......#
...# #.......# #..#
##.....## ##.# ##...##
##.# ####)#######
##.#### #...........
#.≈.^## ####......[....
#§§.#^###......@.......
#§#_≈§§...##.##S#######
##§.§§§#######...
##...≈..# .....
#.......# .......
#^...P.## #.......#
...P...# #...[...#
##.P_PP# ##.....##
#.PP.P#


You could see an adder.

Vanquished Creatures
  Natasha (D:3)
  2 adders
  2 worms
  A dart slug (D:3)
  An orc (D:3)
  A giant cockroach (D:2)
  3 goblins
  2 hobgoblins (D:3)
  2 kobolds (D:2)
  A rat (D:2)
  A fungus (D:3)
  A plant (D:3)
18 creatures vanquished.

Notes
Turn   | Place    | Note
--------------------------------------------------------------
     0 | D:1      | Amnesiac the Deep Elf Fighter began the quest for the Orb.
     0 | D:1      | Reached XP level 1. HP: 13/13 MP: 3/3
    26 | D:1      | You fall through a shaft!
    63 | D:2      | Found an ancient bone altar of Kikubaaqudgha.
   247 | D:2      | Reached skill level 3 in Short Blades
   247 | D:2      | Reached XP level 2. HP: 16/18 MP: 4/4
   333 | D:3      | Found a faded altar to an unknown god.
   384 | D:3      | Found a stormy altar of Qazlal.
   398 | D:3      | Found a blossoming altar of Fedhas.
   399 | D:3      | Noticed Natasha
   408 | D:3      | Noticed a crimson imp
   410 | D:3      | Killed Natasha
   410 | D:3      | Reached skill level 4 in Short Blades
   410 | D:3      | Reached XP level 3. HP: 16/22 MP: 5/5
   549 | D:3      | HP: 1/22 [adder (2)]
   550 | D:3      | Succumbed to an adder's poison

Skill      XL: |  1  2 |
---------------+-------+-----
Short Blades   | 3 4 |  4.2
Fighting       | |  2.4
Armour         | |  2.4
Shields        | |  2.4

Action                   || total
-------------------------++-------
Melee: Rapier            ||    79
 Fire: Hunting sling     ||    32
  Use: Potion            ||     3
Armor: Scale mail        ||    18
Dodge: Dodged            ||    11
Block: Shield            ||    26
